 Dungeon Crawl Stone Soup version 0.26.1-11-gd32895ea62 (webtiles) character file.

Game seed: 15106589679794892777

485410 dtburroughs the Severer (level 23, -1/192 (193) HPs)
             Began as a Minotaur Berserker on June 27, 2021.
             Was the Champion of Trog.
             Killed by the air
             ... invoked by a spriggan air mage
             ... led by a spriggan defender
              (19 damage)
             ... on level 4 of the Depths on June 28, 2021.
             The game lasted 03:32:40 (64550 turns).

dtburroughs the Severer (Minotaur Berserker)       Turns: 64550, Time: 03:32:41

HP:   -1/192 (193)  AC: 28    Str: 29    XL:     23   Next: 78%
MP:   22/22         EV: 18    Int:  5    God:    Trog [******]
Gold: 4347          SH: 29    Dex: 14    Spells: 22/22 levels left

rFire    + . .     SeeInvis +   J - +8 broad axe of Ancient Evil {flame, rElec rF+ rC+}
rCold    + . .     Faith    .   o - +0 tower shield
rNeg     + . .     Spirit   .   E - +6 plate armour {Will+}
rPois    +         Reflect  +   b - +1 hat {SInv}
rElec    +         Harm     .   w - +2 cloak
rCorr    .         Rampage  .   T - +0 pair of gloves of Rogha {rN+ Str+4 Int-2}
Will     +++++                  I - +0 pair of boots
Stlth    ..........             W - amulet of reflection
HPRegen  1.42/turn              D - ring of Descent {rPois Slay+2 Stlth+}
MPRegen  0.18/turn              N - ring of willpower

@: regenerating, lightly drained
A: retaliatory headbutt, horns 2, deformed body, frail 1
}: 2/15 runes: barnacled, gossamer
a: Renounce Religion, Berserk, Trog's Hand, Brothers in Arms


You were on level 4 of the Depths.
You worshipped Trog.
Trog was exalted by your worship.
You visited 7 branches of the dungeon, and saw 39 of its levels.

You collected 7080 gold pieces.
You spent 2733 gold pieces at shops.

Inventory:

Hand Weapons
 f - the +7 war axe "Maomn" {flame, rElec rF+ rC+ Will+}
   (You found it on level 6 of the Lair of Beasts)

   It has been specially enchanted to burn those struck by it, causing extra
   injury to most foes and up to half again as much damage against particularly
   susceptible opponents.
   Big, fiery blades are also staple armaments of hydra-hunters.
   It protects you from fire.
   It protects you from cold.
   It insulates you from electricity.
   It affects your willpower, your defense against some magical effects.
 q - a +4 broad axe of flaming
 J - the +8 broad axe of Ancient Evil (weapon) {flame, rElec rF+ rC+}
   (Trog gifted it to you on level 8 of the Dungeon)

   It has been specially enchanted to burn those struck by it, causing extra
   injury to most foes and up to half again as much damage against particularly
   susceptible opponents.
   Big, fiery blades are also staple armaments of hydra-hunters.
   It protects you from fire.
   It protects you from cold.
   It insulates you from electricity.
 L - the +7 war axe "Xuet" {vorpal, +Inv}
   (Trog gifted it to you on level 3 of the Depths)

   It inflicts extra damage upon your enemies.
   It lets you turn invisible.
Armour
 b - a +1 hat of see invisible (worn)
 l - the +5 faerie dragon scales {Regen+ rCorr Str+4 Int-4 SInv Clar}
   (You took it off the Enchantress on level 15 of the Dungeon)

   It affects your strength (+4).
   It affects your intelligence (-4).
   It lets you see invisible.
   It protects you against confusion.
   It increases your rate of regeneration.
   It provides partial protection from all sources of acid and corrosion.
 o - a +0 tower shield (worn)
 w - a +2 cloak (worn)
 E - a +6 plate armour of willpower (worn)
 I - a +0 pair of boots (worn)
 T - the +0 pair of gloves of Rogha (worn) {rN+ Str+4 Int-2}
   (You found it on level 2 of the Spider Nest)

   It affects your strength (+4).
   It affects your intelligence (-2).
   It protects you from negative energy.
 U - a +2 kite shield
Jewellery
 a - the ring of Plog {rPois Str+7}
   (You acquired it on level 1 of the Lair of Beasts)

   [ring of poison resistance]

   It affects your strength (+7).
   It protects you from poison.
 v - an uncursed ring of protection from cold
 D - the ring of Descent (left hand) {rPois Slay+2 Stlth+}
   (You found it on level 3 of the Depths)

   [ring of stealth]

   It affects your accuracy and damage with ranged weapons and melee attacks
   (+2).
   It protects you from poison.
   It makes you more stealthy.
 H - a +4 ring of evasion {unknown}
 N - a ring of willpower (right hand)
 R - the ring "Zokhefol" {rC++ rN+++ Will- Int+6, unknown}
   (You found it on level 4 of the Depths)

   [ring of intelligence]

   It affects your intelligence (+6).
   It greatly protects you from cold.
   It renders you almost immune to negative energy.
   It affects your willpower, your defense against some magical effects.
 W - an amulet of reflection (around neck)
Wands
 s - a wand of flame (96)
 t - a wand of enslavement (9)
 y - a wand of paralysis (12)
 z - a wand of digging (8)
 A - a wand of random effects (27)
 Q - a wand of disintegration (18)
 S - a wand of polymorph (20)
 Z - a wand of iceblast (3)
Scrolls
 d - 11 scrolls of fear
 g - 6 scrolls of immolation
 i - a scroll of summoning
 k - 6 scrolls of blinking
 n - 7 scrolls of identify
 p - 4 scrolls of remove curse
 x - 7 scrolls of fog
 C - 7 scrolls of enchant weapon
 F - 27 scrolls of teleportation
 K - 5 scrolls of silence
 O - 9 scrolls of magic mapping
Potions
 e - 4 potions of haste
 h - 14 potions of flight
 j - 4 potions of might
 m - 3 potions of mutation
 u - 4 potions of invisibility
 B - a potion of cancellation
 G - 29 potions of curing
 M - 4 potions of ambrosia
 P - 6 potions of lignification
Miscellaneous
 c - a box of beasts
 r - a tin of tremorstones (2/2)
 V - a phial of floods
 Y - a condenser vane


   Skills:
 + Level 20.0 Fighting
 + Level 20.1 Axes
 + Level 20.0 Armour
 + Level 18.5 Dodging
 + Level 19.6 Shields
 + Level 15.5 Evocations


You had 22 spell levels left.
You didn't know any spells.
Your spell library was empty.

Dungeon Overview and Level Annotations

Branches:
Dungeon (15/15)            Temple (0/1) D:7            Lair (6/6) D:10
 Shoals (4/4) Lair:2       Spider (4/4) Lair:2        Slime (0/5) Lair:6
    Orc (2/2) D:11            Elf (0/3) Orc:2        Vaults (4/5) D:13
  Crypt (0/3) Vaults:3     Depths (4/5) D:15

Altars:
Ashenzari
Dithmenos
Gozag
Kikubaaqudgha
Makhleb
Nemelex Xobeh
Okawaru
Qazlal
Sif Muna
Trog
Uskayaw
Wu Jian
Yredelemnul
Zin
Jiyva

Shops:
D:7 }   D:8 ?   D:9 [   D:10 [((   D:11 [(   D:14 ?[*   D:15 [   Orc:2 !*[[}
Shoals:1 !*   Shoals:2 [   Shoals:4 !   Vaults:1 =   Vaults:2 [   Vaults:3 ?
Depths:1 :   Depths:2 [}*:*   Depths:3 =*}=

Portals:
Hell: Lair:6 Depths:1 Depths:2 Depths:3 Depths:4
Abyss: Shoals:3
Pandemonium: Depths:1 Depths:3
Ziggurat: Depths:2
Trove: D:14 (give +7 demon trident)

Annotations:
D:4 2 transporters, nothank2's ghost, amateur DsGl
D:10 3 runed translucent doors, Diggabert's ghost, novice GrFi
D:15 3 runed translucent doors, exclusion: ice statue, Bananafolds's ghost, adept NaVM
Shoals:3 2 transporters, Meod's ghost, adept MiBe
Shoals:4 2 transporters, Alvadar's ghost, adept DEIE
Spider:1 3 runed translucent doors, Gadrel's ghost, adept TrFE; lotusamurai2's ghost, journeyman MiFi
Spider:3 2 transporters, exclusion: orange crystal statue
Depths:1 3 runed translucent doors
Depths:4 2 runed translucent doors


Innate Abilities, Weirdness & Mutations

You reflexively headbutt those who attack you in melee.
You have a pair of horns on your head.
Armour fits poorly on your strangely shaped body.
You are frail. (-10% HP)


Message History

The purple very ugly thing basks in the mutagenic energy from its kin and changes!
Your troll rages.
The wind drake flaps its wings at you. The air twists around and strikes you.
* * * LOW HITPOINT WARNING * * *
Your troll rages.
The spriggan air mage waves its arms in wide circles.
The air twists around and strikes you!!
* * * LOW HITPOINT WARNING * * *
The purple very ugly thing basks in the mutagenic energy from its kin and changes!
Your troll bites the spriggan air mage!
Your troll misses the spriggan air mage.
Your troll barely misses the spriggan air mage.
You feel better.
Your troll bites the spriggan air mage!!
Your troll claws the spriggan air mage!
Your troll completely misses the spriggan air mage.
The spriggan air mage waves its arms in wide circles.
The air twists around and strikes you!!
You die...

..........# #.#
..........# #.#
# #.#
...∩...###.###.#
........##.....#
.....(..#####.##
....c...# #.#
...(....# #.#
........# #@#
......Bu#####T#
..s...uku.u.i.#
.....ccu#######
#########


You could see a spriggan air mage (repels missiles) and a friendly troll
(summoned, berserk).

Vanquished Creatures
  3 juggernauts
  Sojobo (Vaults:4)
  2 caustic shrikes
  Nikola (Spider:4)
  Arachne (Spider:2)
  the Enchantress (D:15)
  A golden dragon (Depths:3)
  A hellephant (Vaults:4)
  4 liches
  A tentacled monstrosity (Depths:4)
  Asterion (Spider:4)
  A titan (Depths:4)
  Polyphemus (Shoals:3)
  Frances (D:12)
  7 sphinxes
  A shadow dragon (Depths:4)
  3 storm dragons
  2 tengu reavers (Vaults:4)
  Roxanne (Spider:4)
  6 fire giants
  5 frost giants
  6 vault wardens
  3 ghost moths (Spider:3)
  8 ironheart preservers
  Louise (Shoals:3)
  7 emperor scorpions
  21 very ugly things
  A war gargoyle (Vaults:2)
  2 vampire knights
  10 stone giants
  5 spriggan defenders
  A deep elf annihilator (Vaults:4)
  3 spark wasps
  5 merfolk javelineers
  A deep elf death mage (Depths:3)
  6 ettins
  4 fire dragons
  8 great orbs of eyes
  4 merfolk impalers
  Josephine (D:13)
  Fannar (Lair:3)
  5 jiangshi (Depths:1)
  14 vault guards
  9 boulder beetles
  10 yaktaur captains
  4 ice dragons
  A catoblepas (Shoals:3)
  5 rakshasas
  An anaconda (shapeshifter) (Depths:4)
  5 hydras
  An alligator snapping turtle (Shoals:3)
  38 two-headed ogres
  4 spriggan air magi
  A death knight (Vaults:3)
  7 merfolk avatars
  11 centaur warriors
  11 ogre magi
  6 tengu warriors
  9 deep troll shamans
  A dancing weapon (Vaults:2)
  4 merfolk aquamancers
  3 satyrs
  12 death yaks
  4 deep troll earth magi
  2 vampire magi (Depths:1)
  3 spriggan berserkers
  17 hell knights
  A death drake (shapeshifter) (Depths:4)
  9 deep elf knights
  A shadow wraith (Vaults:1)
  Nergalle (D:11)
  A titan skeleton (Depths:2)
  9 skeletal warriors
  A spark wasp zombie (Depths:1)
  A sixfirhy (Lair:6)
  3 glowing orange brains
  19 deep trolls
  4 wizards
  A storm dragon skeleton (Vaults:3)
  3 unseen horrors
  A golden dragon skeleton (Depths:1)
  A deep troll (shapeshifter) (Vaults:2)
  12 sea snakes
  3 flayed ghosts
  5 deep elf archers
  5 deep elf magi
  2 lindwurms (Lair:6)
  12 ironbrand convokers
  29 harpies
  A tengu skeleton (Vaults:3)
  A shadow dragon zombie (Vaults:4)
  41 wolf spiders
  5 orc sorcerers
  A stone giant zombie (Vaults:4)
  5 necromancers
  An oklob plant (Lair:1)
  14 orb spiders
  12 orc knights
  13 cyclopes
  10 manticores
  7 fauns
  41 ugly things
  2 stone giant skeletons
  6 moths of wrath
  17 elephants
  3 black mambas
  2 centaur zombies (D:15)
  13 merfolk sirens
  A smoke demon (Lair:6)
  5 torpor snails
  2 naga magi (D:15)
  A cane toad (shapeshifter) (Depths:3)
  11 vault sentinels
  A frost giant skeleton (Vaults:3)
  9 cane toads
  3 gargoyles
  10 water nymphs
  An elf zombie (Depths:2)
  5 orange demons
  5 kobold demonologists
  An orc skeleton (Vaults:3)
  3 freezing wraiths
  8 rime drakes
  An ice devil (Lair:6)
  39 yaktaurs
  11 komodo dragons
  15 demonic crawlers
  3 red devils
  2 queen bees (shapeshifter)
  6 trolls
  3 tengu conjurers
  4 meliai
  14 hornets
  A yaktaur skeleton (Vaults:3)
  3 human skeletons (Vaults:3)
  27 merfolk
  47 jumping spiders
  6 polar bears
  A wind drake (shapeshifter) (Vaults:3)
  A sphinx simulacrum (Depths:1)
  12 wind drakes
  23 dream sheep
  30 slime creatures
  13 blink frogs
  A meliai zombie (D:11)
  5 snapping turtles
  2 spriggans (Depths:1)
  30 tarantellas
  2 tarantellas (shapeshifter)
  55 redbacks
  13 wraiths
  3 ettin skeletons (Vaults:3)
  A shadow (D:12)
  A spriggan (shapeshifter) (Depths:1)
  5 wyverns
  9 water elementals
  67 yaks
  2 yaks (shapeshifter)
  4 basilisks
  A golden eye (shapeshifter) (Vaults:2)
  A human simulacrum (Vaults:2)
  5 wargs
  Edmund (D:4)
  Menkaure (D:6)
  23 water moccasins
  3 acid dragons
  A floating eye (Depths:4)
  4 hell hounds (Lair:6)
  44 orc warriors
  2 black bears (shapeshifter)
  2 eyes of draining
  4 ice beasts
  5 sky beasts
  A meliai simulacrum (D:15)
  A phantom (D:7)
  A fire dragon simulacrum (Depths:1)
  4 black bears
  2 human zombies
  2 necrophages
  An ice dragon simulacrum (Vaults:1)
  An eye of draining (shapeshifter) (Vaults:1)
  A boggart (shapeshifter) (Vaults:4)
  An ettin simulacrum (Vaults:4)
  2 elf skeletons (Vaults:3)
  5 wolves
  32 ogres
  15 boggarts
  31 centaurs
  5 big kobolds
  Blork the orc (D:4)
  18 bullfrogs
  An ogre simulacrum (Vaults:1)
  A gnoll sergeant (D:9)
  A water moccasin zombie (D:9)
  3 wyvern skeletons
  4 scorpions
  10 killer bees
  12 wights
  2 electric eels
  3 howler monkeys
  A bullfrog zombie (D:10)
  2 quasits
  17 orc priests
  7 hounds
  2 jellies
  26 orc wizards
  A bullfrog skeleton (D:12)
  4 centaur skeletons
  5 iguanas
  7 hell rats (Lair:1)
  10 worker ants
  3 hound skeletons
  Robin (D:4)
  4 gnolls
  12 adders
  3 white imps
  5 ufetubi
  An ooze (D:4)
  An adder zombie (D:5)
  2 adder skeletons
  2 worms (D:9)
  4 dart slugs
  6 leopard geckos
  102 orcs
  5 bats
  3 giant cockroaches
  17 goblins
  8 hobgoblins
  7 quokkas
  2 ball pythons
  6 frilled lizards
  A jackal zombie (D:6)
  29 kobolds
  2 quokka skeletons
  13 rats
  15 butterflies (Vaults:1)
1772 creatures vanquished.

Vanquished Creatures (collateral kills)
  A caustic shrike (Depths:4)
  The ghost of Zeld the Metallomancer, an adept GrEE of Vehumet (Orc:2)
  A stone giant (Depths:4)
  An entropy weaver (Spider:2)
  A fire dragon (Depths:4)
  A boulder beetle (Lair:6)
  A centaur warrior (Vaults:1)
  A deep elf knight (Vaults:1)
  A skeletal warrior (Vaults:1)
  A flayed ghost (Vaults:3)
  2 hell knights (Depths:4)
  An unseen horror (Vaults:1)
  A deep elf archer (Vaults:1)
  A harpy (Shoals:3)
  An oklob plant (Lair:1)
  2 vault sentinels (Vaults:1)
  An orange demon (D:11)
  A freezing wraith (Vaults:3)
  A red devil (D:11)
  A jumping spider (Spider:3)
  3 redbacks (Spider:2)
  A tarantella (Spider:2)
  A hog (shapeshifter) (Depths:4)
  An ogre (Vaults:1)
28 creatures vanquished.

Vanquished Creatures (others)
  2 orb spiders (Spider:4)
  A manticore (Shoals:4)
  A redback (Spider:4)
  2 ogres
  An orc wizard (Orc:2)
  An orc priest (Orc:1)
  2 orcs
  33 fungi
  128 plants
  6 withered plants (D:3)
177 creatures vanquished.

Grand Total: 1977 creatures vanquished

Notes
Turn   | Place    | Note
-------+----------+-------------------------------------------
     0 | D:1      | dtburroughs the Minotaur Berserker began the quest for the
                  | Orb.
     0 | D:1      | Reached XP level 1. HP: 19/19 MP: 0/0
   112 | D:1      | Reached XP level 2. HP: 27/27 MP: 1/1
   461 | D:1      | Reached ** piety under Trog
   462 | D:1      | Reached XP level 3. HP: 15/33 MP: 2/2
  1486 | D:2      | Found a glowing silver altar of Zin.
  2059 | D:2      | Reached XP level 4. HP: 40/40 MP: 3/3
  2621 | D:3      | Reached XP level 5. HP: 47/47 MP: 4/4
  2642 | D:3      | Reached *** piety under Trog
  2795 | D:3      | Reached skill level 5 in Axes
  2965 | D:3      | Found an ancient bone altar of Kikubaaqudgha.
  3220 | D:4      | Reached skill level 5 in Fighting
  3318 | D:4      | Reached XP level 6. HP: 56/56 MP: 5/5
  3340 | D:4      | Reached skill level 1 in Shields
  3724 | D:4      | Noticed Robin
  3726 | D:4      | Noticed Blork the orc
  3735 | D:4      | Killed Blork the orc
  3752 | D:4      | Killed Robin
  3959 | D:4      | Noticed nothank2's ghost (amateur DsGl)
  4021 | D:4      | Reached XP level 7. HP: 51/61 MP: 6/6
  4170 | D:4      | Found a transporter.
  4177 | D:4      | Found a transporter.
  4177 | D:4      | Noticed Edmund
  4192 | D:4      | Reached skill level 5 in Armour
  4200 | D:4      | Killed Edmund
  4507 | D:4      | Reached **** piety under Trog
  4955 | D:4      | Found an opulent altar of Gozag.
  5010 | D:4      | Found a hide-covered altar of Uskayaw.
  5010 | D:4      | Found a shimmering blue altar of Sif Muna.
  5010 | D:4      | Found a burning altar of Makhleb.
  5016 | D:4      | Found a shadowy altar of Dithmenos.
  5059 | D:5      | Entered Level 5 of the Dungeon
  5090 | D:5      | Reached skill level 5 in Dodging
  5090 | D:5      | Reached skill level 1 in Evocations
  5113 | D:5      | Reached XP level 8. HP: 39/70 MP: 7/7
  7184 | D:6      | Noticed Menkaure
  7190 | D:6      | Killed Menkaure
  7275 | D:6      | Reached XP level 9. HP: 46/79 MP: 8/8
  7956 | D:7      | Reached skill level 5 in Shields
  8245 | D:7      | Found Feablat's Gadget Shop.
  8297 | D:7      | Found a staircase to the Ecumenical Temple.
  8326 | D:7      | Reached ***** piety under Trog
  8690 | D:7      | Found a sparkling altar of Nemelex Xobeh.
  8902 | D:7      | Found an ornate altar of the Wu Jian Council.
  9067 | D:8      | Found a broken altar of Ashenzari.
  9084 | D:8      | Received a gift from Trog
  9087 | D:8      | Got a scorched broad axe {god gift}
  9088 | D:8      | Identified the +8 broad axe of Ancient Evil {flame, rElec
                  | rF+ rC+} (Trog gifted it to you on level 8 of the Dungeon)
  9262 | D:8      | Noticed a two-headed ogre
  9277 | D:8      | Killed a two-headed ogre
  9559 | D:8      | Found Bureoz's Magic Scroll Emporium.
  9892 | D:8      | Found a basalt altar of Yredelemnul.
 10262 | D:9      | Reached XP level 10. HP: 88/88 MP: 9/9
 10606 | D:9      | Found Repin's Armour Shop.
 11100 | D:9      | Noticed a moth of wrath
 11104 | D:9      | Found a bloodstained altar of Trog.
 11265 | D:10     | Entered Level 10 of the Dungeon
 11420 | D:10     | Found a staircase to the Lair.
 11470 | D:10     | Noticed a gargoyle
 11482 | D:10     | Killed a gargoyle
 11483 | D:10     | Reached skill level 5 in Evocations
 11885 | D:10     | Killed an unseen horror
 12115 | D:10     | Found a runed translucent gate.
 12116 | D:10     | Found a runed translucent gate.
 12179 | D:10     | Found Goufut's Weapon Shoppe.
 12232 | D:10     | Found a runed translucent gate.
 12234 | D:10     | Noticed Diggabert's ghost (novice GrFi)
 12251 | D:10     | Found Byskies's Antique Weapon Shop.
 12335 | D:10     | Reached XP level 11. HP: 89/97 MP: 10/10
 12369 | D:10     | Found Seah's Antique Armour Boutique.
 12631 | D:11     | Found Zohougob's Weapon Shoppe.
 12631 | D:11     | Found a staircase to the Orcish Mines.
 12632 | D:11     | Noticed an orc knight
 12675 | D:11     | Found a broken altar of Ashenzari.
 12939 | D:11     | Killed an orc knight
 13290 | D:11     | Found Cuvvivid's Armour Shoppe.
 13370 | D:11     | Received a gift from Trog
 13376 | D:11     | Noticed Nergalle
 13381 | D:11     | Killed Nergalle
 13382 | D:11     | Reached skill level 10 in Axes
 13476 | D:11     | Reached skill level 10 in Fighting
 13725 | D:11     | Killed an unseen horror
 13951 | D:11     | Reached skill level 10 in Armour
 14668 | D:9      | Bought the +5 chain mail "Zoryr" {rPois Str+4} for 638 gold
                  | pieces
 14728 | Lair:1   | Entered Level 1 of the Lair of Beasts
 14878 | Lair:1   | Noticed a boulder beetle
 14892 | Lair:1   | Killed a boulder beetle
 14893 | Lair:1   | Reached XP level 12. HP: 34/107 MP: 11/11
 17045 | Lair:2   | Found a staircase to the Shoals.
 17048 | Lair:2   | Found a hole to the Spider Nest.
 17386 | Lair:2   | Received a gift from Trog
 17904 | Lair:3   | Noticed Fannar
 17917 | Lair:3   | Killed Fannar
 17918 | Lair:3   | Reached skill level 10 in Dodging
 17918 | Lair:3   | Reached skill level 10 in Shields
 19171 | Lair:4   | Reached XP level 13. HP: 96/116 MP: 12/12
 20428 | Lair:5   | Received a gift from Trog
 21601 | Lair:6   | Entered Level 6 of the Lair of Beasts
 22607 | Lair:5   | Received a gift from Trog
 22864 | Lair:6   | Reached XP level 14. HP: 86/127 MP: 13/13
 23415 | Lair:6   | Found a viscous altar of Jiyva.
 23415 | Lair:6   | Found a staircase to the Slime Pits.
 24090 | Lair:6   | Got a fading war axe
 24661 | Lair:6   | Found a burning altar of Makhleb.
 24870 | Lair:6   | Found a gateway to Hell.
 25072 | Lair:1   | Identified the +7 war axe "Maomn" {flame, rElec rF+ rC+
                  | Will+} (You found it on level 6 of the Lair of Beasts)
 25776 | D:12     | Noticed Frances
 25793 | D:12     | Killed Frances
 26364 | D:12     | Identified the Incunabulum of Supportive Displacement
 27066 | D:13     | Gained mutation: You are frail. (-10% HP) [a neqoxec]
 27136 | D:13     | Noticed Josephine
 27157 | D:13     | Killed Josephine
 27167 | D:13     | Reached XP level 15. HP: 61/118 MP: 14/14
 27826 | D:13     | Found a gate to the Vaults.
 27860 | D:13     | Reached skill level 10 in Evocations
 28864 | D:14     | Found Kigirill's Magic Scroll Shop.
 28901 | D:14     | Found a stormy altar of Qazlal.
 28970 | D:14     | Found Ziemue's General Store.
 29076 | D:14     | Found a portal to a secret trove of treasure.
 29428 | D:14     | Found Waploe's Antique Armour Shop.
 29825 | D:15     | Entered Level 15 of the Dungeon
 30021 | D:15     | Found Ylous's Antique Armour Emporium.
 30516 | D:15     | Found a runed translucent gate.
 30519 | D:15     | Found a runed translucent gate.
 30523 | D:15     | Found a runed translucent gate.
 30528 | D:15     | Noticed Bananafolds's ghost (adept NaVM)
 30708 | D:15     | Found an opulent altar of Gozag.
 31078 | D:15     | Found a staircase to the Depths.
 31648 | Lair:1   | Identified 2 scrolls of acquirement
 31651 | Lair:1   | Acquired the ring of Plog {rPois Str+7}
 31664 | Lair:1   | Acquired 1000 gold pieces
 31668 | Lair:1   | Reached XP level 16. HP: 132/132 MP: 15/15
 31669 | Lair:1   | Reached XP level 17. HP: 138/138 MP: 16/16
 31698 | Orc:1    | Entered Level 1 of the Orcish Mines
 32121 | Orc:1    | Received a gift from Trog
 32364 | Orc:2    | Entered Level 2 of the Orcish Mines
 32401 | Orc:2    | Found a runed translucent door.
 32407 | Orc:2    | Noticed Zeld's ghost (adept GrEE)
 32435 | Orc:2    | Killed Zeld's ghost
 32816 | Orc:2    | Found Rinoiqig's Distillery.
 32981 | Orc:2    | Reached XP level 18. HP: 141/145 MP: 5/17
 33266 | Orc:2    | Reached skill level 15 in Axes
 33295 | Orc:2    | Reached ****** piety under Trog
 33341 | Orc:2    | Bought a potion of heal wounds for 75 gold pieces
 33341 | Orc:2    | Bought 2 potions of curing for 90 gold pieces
 33341 | Orc:2    | Bought a potion of curing for 45 gold pieces
 33341 | Orc:2    | Bought a potion of ambrosia for 120 gold pieces
 33341 | Orc:2    | Bought a potion of haste for 150 gold pieces
 33341 | Orc:2    | Bought a potion of lignification for 45 gold pieces
 33382 | Orc:2    | Found a staircase to the Elven Halls.
 33435 | Orc:2    | Received a gift from Trog
 33736 | Orc:2    | Found Ofriahuh's Antique Armour Shop.
 33736 | Orc:2    | Found Mubrir's Armour Emporium.
 33738 | Orc:2    | Found Aschon's General Store.
 33740 | Orc:2    | Found Ukiod's Gadget Boutique.
 33747 | Orc:2    | Bought a scroll of fear for 42 gold pieces
 33747 | Orc:2    | Bought a potion of curing for 36 gold pieces
 34027 | Spider:1 | Entered Level 1 of the Spider Nest
 34576 | Spider:1 | Reached skill level 15 in Fighting
 34851 | Spider:1 | Found a runed translucent gate.
 34851 | Spider:1 | Found a runed translucent gate.
 34851 | Spider:1 | Noticed Gadrel's ghost (adept TrFE)
 34852 | Spider:1 | Found a runed translucent gate.
 34852 | Spider:1 | Noticed lotusamurai2's ghost (journeyman MiFi)
 34914 | Spider:1 | You fall into a shaft and drop 1 floor!
 34997 | Spider:2 | Reached skill level 15 in Armour
 35226 | Spider:2 | Got a smelly plate armour
 35270 | Spider:2 | Got a pair of faintly glowing gloves
 36098 | Spider:1 | Identified the cursed +0 pair of gloves of Rogha {rN+ Str+4
                  | Int-2} (You found it on level 2 of the Spider Nest)
 36112 | Spider:2 | Received a gift from Trog
 36119 | Spider:2 | Noticed Arachne
 36129 | Spider:2 | Killed Arachne
 36331 | Spider:2 | Found the +2 Maxwell's thermic engine {flame, freeze}
 37179 | Spider:3 | Received a gift from Trog
 37543 | Spider:3 | Found a transporter.
 37563 | Spider:3 | Found a transporter.
 37679 | Spider:4 | Entered Level 4 of the Spider Nest
 37679 | Spider:4 | Noticed Roxanne
 37978 | Spider:4 | Reached skill level 15 in Shields
 38519 | Spider:4 | Noticed Asterion
 38652 | Spider:4 | Killed Asterion
 38800 | Spider:4 | Identified the +3 plate armour of Inquiry {Harm rElec Str+4
                  | SInv} (You found it on level 2 of the Spider Nest)
 39030 | Spider:4 | Noticed Nikola
 39030 | Spider:4 | Received a gift from Trog
 39032 | Spider:4 | Reached XP level 19. HP: 56/154 MP: 18/18
 39616 | Spider:4 | Killed Roxanne
 39654 | Spider:4 | Killed Nikola
 40192 | Spider:4 | Got a gossamer rune of Zot
 40510 | Shoals:1 | Entered Level 1 of the Shoals
 41028 | Shoals:1 | Found Rairgh's Distillery.
 41039 | Shoals:1 | Bought a potion of curing for 48 gold pieces
 41039 | Shoals:1 | Bought a potion of curing for 48 gold pieces
 41039 | Shoals:1 | Bought a potion of curing for 48 gold pieces
 41039 | Shoals:1 | Bought a potion of lignification for 48 gold pieces
 41170 | Shoals:1 | Reached skill level 15 in Dodging
 41378 | Shoals:1 | Got a pair of spiked gloves
 41405 | Shoals:1 | Identified the cursed +0 pair of gloves "Mazuco" {Dex+4}
                  | (You found it on level 1 of the Shoals)
 41518 | Shoals:1 | Found Heciatt's General Store.
 41804 | Shoals:2 | Received a gift from Trog
 42336 | Shoals:2 | Found Sippastro's Antique Armour Shop.
 43200 | Shoals:3 | Noticed Louise
 43243 | Shoals:3 | Killed Louise
 43289 | Shoals:3 | Found a transporter.
 43297 | Shoals:3 | Found a transporter.
 43303 | Shoals:3 | Found the ring of the Hare {EV+8}
 43727 | Shoals:3 | Noticed Polyphemus
 43737 | Shoals:3 | Killed Polyphemus
 44177 | Shoals:3 | Identified the +10 trident "Veireykh" {distort, *Rage rPois
                  | Will+++ Stlth+}
 44183 | Shoals:3 | Noticed a hellephant
 44193 | Shoals:3 | Noticed Meod's ghost (adept MiBe)
 44317 | Shoals:3 | Found a one-way gate to the infinite horrors of the Abyss.
 44616 | Shoals:4 | Entered Level 4 of the Shoals
 44616 | Shoals:4 | Found Kytzo Vaall's Distillery.
 44632 | Shoals:4 | Bought a potion of heal wounds for 75 gold pieces
 44632 | Shoals:4 | Bought a potion of heal wounds for 75 gold pieces
 45080 | Shoals:4 | Found a transporter.
 45082 | Shoals:4 | Found a transporter.
 45083 | Shoals:4 | Noticed Alvadar's ghost (adept DEIE)
 45139 | Shoals:4 | Received a gift from Trog
 45483 | Shoals:4 | Got a barnacled rune of Zot
 45630 | Shoals:4 | Reached XP level 20. HP: 164/164 MP: 19/19
 45808 | Shoals:4 | Identified the ring "Uditev" {rN+ Dex+4 Stlth+}
 46083 | Shoals:4 | Received a gift from Trog
 46092 | Shoals:4 | Got a polished flail {god gift}
 46093 | Shoals:4 | Identified the +7 flail of Ambiguity {vorpal, rN+ Str+4
                  | Dex+2} (Trog gifted it to you on level 4 of the Shoals)
 46662 | Vaults:1 | Entered Level 1 of the Vaults
 46701 | Vaults:1 | Found Cenaat's Jewellery Shoppe.
 47455 | Vaults:1 | You fall into a shaft and drop 1 floor!
 47477 | Vaults:1 | Found a huge runed gate.
 47477 | Vaults:1 | Found a huge runed gate.
 47477 | Vaults:1 | Found a huge runed gate.
 47477 | Vaults:1 | Found a huge runed gate.
 47477 | Vaults:1 | Found a huge runed gate.
 47477 | Vaults:1 | Found a huge runed gate.
 47477 | Vaults:1 | Found a huge runed gate.
 47477 | Vaults:1 | Found a huge runed gate.
 47477 | Vaults:1 | Found a huge runed gate.
 47477 | Vaults:1 | Found a huge runed gate.
 47477 | Vaults:1 | Found a huge runed gate.
 47477 | Vaults:1 | Found a huge runed gate.
 47477 | Vaults:1 | Found a huge runed gate.
 47478 | Vaults:1 | Found a huge runed gate.
 47479 | Vaults:1 | Found a huge runed gate.
 47480 | Vaults:1 | Found a huge runed gate.
 47488 | Vaults:1 | Found a huge runed gate.
 47488 | Vaults:1 | Found a huge runed gate.
 47488 | Vaults:1 | Found a huge runed gate.
 47488 | Vaults:1 | Found a huge runed gate.
 47488 | Vaults:1 | Found a huge runed gate.
 47489 | Vaults:1 | Found a huge runed gate.
 47490 | Vaults:1 | Found a huge runed gate.
 47491 | Vaults:1 | Found a huge runed gate.
 47492 | Vaults:1 | Found a huge runed gate.
 47500 | Vaults:1 | Found a huge runed gate.
 47500 | Vaults:1 | Found a huge runed gate.
 47500 | Vaults:1 | Found a huge runed gate.
 47500 | Vaults:1 | Found a huge runed gate.
 47500 | Vaults:1 | Found a huge runed gate.
 47500 | Vaults:1 | Found a huge runed gate.
 47501 | Vaults:1 | Found a huge runed gate.
 47502 | Vaults:1 | Found a huge runed gate.
 47503 | Vaults:1 | Found a huge runed gate.
 47511 | Vaults:1 | Found a huge runed gate.
 47511 | Vaults:1 | Found a huge runed gate.
 47568 | Vaults:1 | Received a gift from Trog
 49502 | Vaults:2 | Reached XP level 21. HP: 173/173 MP: 20/20
 49505 | Vaults:2 | Received a gift from Trog
 49675 | Vaults:2 | Found the +9 heavy crossbow "Sniper" {vorpal, Acc+∞ SInv}
 49981 | Vaults:2 | Found Coviluifro's Armour Shop.
 50249 | Vaults:3 | Found an iron altar of Okawaru.
 50514 | Vaults:3 | Found Voweusum's Magic Scroll Shop.
 50713 | Vaults:3 | Bought a scroll of fear for 49 gold pieces
 50713 | Vaults:3 | Bought a scroll of teleportation for 42 gold pieces
 50713 | Vaults:3 | Bought a scroll of immolation for 49 gold pieces
 50713 | Vaults:3 | Bought a scroll of teleportation for 42 gold pieces
 50713 | Vaults:3 | Bought a scroll of enchant armour for 105 gold pieces
 50807 | Vaults:3 | Received a gift from Trog
 51866 | Vaults:3 | Found a staircase to the Crypt.
 52647 | Vaults:4 | Received a gift from Trog
 53094 | Vaults:4 | Noticed Sojobo
 53102 | Vaults:4 | Killed Sojobo
 53933 | Vaults:4 | Reached XP level 22. HP: 171/183 MP: 21/21
 54086 | Vaults:4 | Received a gift from Trog
 54092 | Vaults:4 | Got a twisted war axe {god gift}
 54093 | Vaults:4 | Identified the +0 war axe "Neofiurgh" {vorpal, rPois rN+
                  | Str+5 SInv} (Trog gifted it to you on level 4 of the
                  | Vaults)
 54721 | Vaults:4 | Found a huge runed gate.
 54721 | Vaults:4 | Found a huge runed gate.
 54721 | Vaults:4 | Found a huge runed gate.
 54721 | Vaults:4 | Found a huge runed gate.
 54721 | Vaults:4 | Found a huge runed gate.
 54721 | Vaults:4 | Found a huge runed gate.
 54721 | Vaults:4 | Found a huge runed gate.
 54722 | Vaults:4 | Found a huge runed gate.
 54722 | Vaults:4 | Found a huge runed gate.
 54722 | Vaults:4 | Found a huge runed gate.
 54726 | Vaults:4 | Found a huge runed gate.
 54726 | Vaults:4 | Found a huge runed gate.
 54726 | Vaults:4 | Found a huge runed gate.
 54726 | Vaults:4 | Found a huge runed gate.
 54726 | Vaults:4 | Found a huge runed gate.
 54726 | Vaults:4 | Found a huge runed gate.
 54727 | Vaults:4 | Found a huge runed gate.
 54728 | Vaults:4 | Found a huge runed gate.
 54735 | Vaults:4 | Found a huge runed gate.
 54743 | Vaults:4 | Found a huge runed gate.
 54743 | Vaults:4 | Found a huge runed gate.
 54743 | Vaults:4 | Found a huge runed gate.
 54743 | Vaults:4 | Found a huge runed gate.
 54743 | Vaults:4 | Found a huge runed gate.
 54743 | Vaults:4 | Found a huge runed gate.
 54744 | Vaults:4 | Found a huge runed gate.
 54745 | Vaults:4 | Found a huge runed gate.
 54746 | Vaults:4 | Found a huge runed gate.
 54754 | Vaults:4 | Found a huge runed gate.
 54754 | Vaults:4 | Found a huge runed gate.
 54754 | Vaults:4 | Found a huge runed gate.
 54754 | Vaults:4 | Found a huge runed gate.
 54754 | Vaults:4 | Found a huge runed gate.
 54754 | Vaults:4 | Found a huge runed gate.
 54755 | Vaults:4 | Found a huge runed gate.
 54756 | Vaults:4 | Found a huge runed gate.
 55530 | Lair:1   | Acquired 1208 gold pieces
 55534 | Lair:1   | Acquired a +0 hat of see invisible
 55648 | D:14     | Bought a potion of heal wounds for 85 gold pieces
 55970 | D:8      | Bought a scroll of teleportation for 30 gold pieces
 55970 | D:8      | Bought a scroll of teleportation for 30 gold pieces
 55970 | D:8      | Bought a scroll of teleportation for 30 gold pieces
 55970 | D:8      | Bought a scroll of magic mapping for 35 gold pieces
 55970 | D:8      | Bought a scroll of silence for 75 gold pieces
 55970 | D:8      | Bought a scroll of fear for 35 gold pieces
 55970 | D:8      | Bought a scroll of summoning for 95 gold pieces
 56140 | Depths:1 | Entered Level 1 of the Depths
 56591 | Depths:1 | Received a gift from Trog
 56825 | Depths:1 | Noticed the Enchantress
 57296 | D:15     | Killed the Enchantress
 57812 | Depths:1 | Found a runed translucent gate.
 57813 | Depths:1 | Found a runed translucent gate.
 58071 | Depths:1 | Found a one-way gate leading to the halls of Pandemonium.
 58109 | Depths:1 | Found Geej's Book Emporium.
 58430 | Depths:1 | Found a runed translucent gate.
 59154 | Depths:2 | Found Utegg's Gadget Boutique.
 59308 | Depths:2 | Found Tadghun's Book Shop.
 59309 | Depths:2 | Found Pubihu Ogohi's Assorted Antiques.
 59311 | Depths:2 | Found Axong's Assorted Antiques.
 59316 | Depths:2 | Bought a scroll of blinking for 277 gold pieces
 59321 | Depths:2 | Bought a potion of curing for 120 gold pieces
 59358 | Depths:2 | Received a gift from Trog
 59465 | Depths:2 | Noticed an ancient lich
 59468 | Depths:2 | Noticed an ancient lich
 59496 | Depths:2 | Found a gateway to a ziggurat.
 59579 | Depths:2 | Found Qin Taup's Armour Boutique.
 60012 | Depths:2 | Gained mutation: Armour fits poorly on your strangely
                  | shaped body. [a cacodemon]
 60976 | Depths:3 | Reached skill level 15 in Evocations
 61187 | Depths:3 | Reached XP level 23. HP: 169/187 MP: 22/22
 61297 | Depths:3 | Noticed a juggernaut
 61298 | Depths:3 | Noticed a caustic shrike
 61317 | Depths:3 | Killed a juggernaut
 61328 | Depths:3 | Killed a caustic shrike
 61636 | Depths:3 | Got a vibrating lead ring
 61843 | Depths:3 | Received a gift from Trog
 61854 | Depths:3 | Got a twisted war axe {god gift}
 61855 | Depths:3 | Identified the +7 war axe "Xuet" {vorpal, +Inv} (Trog
                  | gifted it to you on level 3 of the Depths)
 62087 | Depths:3 | Found Wamiumm's General Store.
 62090 | Depths:3 | Bought a scroll of teleportation for 51 gold pieces
 62090 | Depths:3 | Identified the ring of Descent {rPois Slay+2 Stlth+} (You
                  | found it on level 3 of the Depths)
 62099 | Depths:3 | Found Iworuk's Gadget Shoppe.
 62100 | Depths:3 | Found Ajeokan's Jewellery Shop.
 62100 | Depths:3 | Found Zolis's Jewellery Shop.
 62480 | Depths:4 | Noticed a caustic shrike
 62537 | Depths:4 | Noticed a juggernaut
 62551 | Depths:4 | Killed a juggernaut
 62560 | Depths:4 | Noticed a caustic shrike
 62562 | Depths:4 | Killed a caustic shrike
 62677 | Depths:4 | Identified the +5 short sword of Xudwewn {elec, +Inv rElec
                  | Dex+2}
 62830 | Depths:4 | Noticed a juggernaut
 62834 | Depths:4 | Paralysed by a floating eye for 3 turns
 62848 | Depths:4 | Paralysed by a floating eye for 3 turns
 62857 | Depths:4 | Killed a juggernaut
 62858 | Depths:4 | Paralysed by a floating eye for 3 turns
 63335 | Depths:4 | Killed a caustic shrike
 63684 | Depths:4 | Received a gift from Trog
 63968 | Depths:4 | Found a runed translucent door.
 63971 | Depths:4 | Found a runed translucent door.
 63996 | Depths:4 | Got a vibrating ivory ring
 64548 | Depths:4 | HP: 6/192 [spriggan air mage/the air[a spriggan defender]
                  | (22)]
 64550 | Depths:4 | Killed from afar by a spriggan air mage

Illustrated notes

Levels and vault maps discovered:
D:1:      minmay_arrival_three_doors, layout_loops_ring, serial_bayou,
          serial_bayou_ford_a, serial_bayou_lagoon_b, serial_bayou_pond_a,
          serial_bayou_pond_a, serial_bayou_crossing, serial_bayou_pond_b,
          hangedman_decor_growths, minmay_tetromino_i4
D:2:      layout_basic, lemuel_doored_altar, kennysheep_pointless_box
D:3:      layout_rooms, kiku_gazebo_garden_becter
D:4:      layout_rooms, minitemple, gammafunk_ghost_arena, st_stairs_8,
          uniq_edmund, uniq_blork_the_orc, uniq_robin
D:5:      layout_cave_pods
D:6:      layout_gridville, chequers_serial_rivers_micro_b, uniq_menkaure
D:7:      layout_loops_corners, nzn_wu_jian_council_hall, kennysheep_little_box,
          minmay_temple_entry_sparse_star, serial_shops, shop
D:8:      layout_basic, yredelemnul_altar_generic, ashenzari_altar_1,
          serial_shops, shop
D:9:      layout_loops_ring, tgw_trog, serial_shops, shop_fountains,
          dk_vineyard_2
D:10:     layout_gridville, grunt_lair_entry_orc_guard_hut,
          gammafunk_ghost_spectres, serial_shops, nicolae_shop_statue_plus,
          kennysheep_mini_moat, shop
D:11:     layout_cave_pools, orc_david_3, basic_altar,
          minmay_beelzebubs_servants, uniq_nergalle
D:12:     layout_basic, serial_glass, glass_columns_a, glass_columns_c,
          glass_columns_b, glass_columns_b, glass_columns_c, glass_columns_a,
          glass_columns_b, glass_columns_a, gauntlet_entry_generic,
          minmay_diamond_spiral, uniq_frances
D:13:     layout_rooms, erik_vaults_2, uniq_josephine
D:14:     layout_basic, nicolae_trove_entry_diagonal, serial_shops,
          nicolae_shop_window_shopping, nicolae_shop_trees,
          nicolae_shop_statue_plus, chequers_serial_rivers_large_b,
          nicolae_qazlal_general_emergency
D:15:     grunt_enter_depths_magical_seal, layout_basic,
          nicolae_gozag_cash_rules_everything_around_me, serial_shops,
          statue_bzr, nicolae_shop_overgrown_old_shop,
          maelrawn_ghost_gauntlet_escape
Lair:1:   layout_roguey, beast_lair_carwin_6, minmay_lair_oklob_chamber
Lair:2:   layout_chaotic_city, shoals_dummy_entry, spider_nest_entry_rubble,
          grunt_megastairs_2
Lair:3:   layout_regular_city, serial_bayou_shore_b, infiniplex_staircase_pool,
          uniq_fannar
Lair:4:   layout_small_grid
Lair:5:   layout_cave_pods, serial_bayou_pond_d, serial_bayou_shore_b
Lair:6:   evil_forest, layout_concentric_octagons, slime_altar_1
Shoals:1: layout_shoals, serial_shops, shop_statue, shop
Shoals:2: layout_shoals, serial_shops, shop
Shoals:3: layout_shoals, gammafunk_ghost_abyssal_escape, uniq_polyphemus,
          uniq_louise
Shoals:4: shoals_end_simple, layout_shoals, ebering_ghost_davey_jones,
          serial_shops, nicolae_shop_trees
Spider:1: layout_chambers, gammafunk_ghost_cemetery
Spider:2: nicolae_spider_mines_3, hangedman_spider_tarantella_strand,
          uniq_arachne
Spider:3: gammafunk_sealed_arena, guppyfry_spider_mini_3
Spider:4: guppyfry_spider_rune, uniq_asterion, uniq_roxanne, uniq_nikola
Orc:1:    layout_caves
Orc:2:    st_orc_rangers, layout_caves, ebering_ghost_reflecting_pool,
          serial_shops, shop
Vaults:1: vaults_room_grid, v_misc_12, vaults_not_door_vault_mu,
          nicolae_vaults_alarming, hangedman_vaults_stagger, v_misc_11,
          hangedman_vaults_river_flow, vaults_room_stairs_pillars,
          grunt_vaults_hallway_short, hangedman_vaults_slice,
          vaults_room_guarded_vault, vaults_dpeg_encased_lava,
          layout_vaults_maze_snakey, serial_shops, shop
Vaults:2: vaults_room_hallway, vaults_room_octagon,
          nicolae_vaults_little_squares_3, vaults_mumra_lcd, st_hourglassy,
          vaults_room_semicircle, grunt_vaults_diagonal, vaults_room_large_hall,
          ontoclasm_vaults_pinch, dpeg_vaults_monster_box,
          hangedman_vaults_locks, dpeg_vaults_monster_row, layout_vaults_ring,
          serial_shops, shop
Vaults:3: v_rooms_5, ontoclasm_vaults_shuriken, v_rooms_5,
          minmay_crypt_entry_skeletal_spiral, grunt_vaults_funnel, v_misc_3,
          ontoclasm_vaults_hangar, v_misc_18, layout_vaults_quadrants,
          serial_shops, shop, basic_altar
Vaults:4: nicolae_vaults_network_quinsquares
          [nicolae_vaults_network_quincunx_subvault,
          nicolae_vaults_network_quincunx_subvault,
          nicolae_vaults_network_quincunx_subvault,
          nicolae_vaults_network_quincunx_subvault], vaults_not_door_vault_due,
          vaults_room_semicircle, ontoclasm_vaults_fault,
          grunt_vaults_trifunnel, vaults_room_door_hall,
          ontoclasm_vaults_claustrophobia, nicolae_vaults_big_ls,
          layout_vaults_chaotic_city, uniq_sojobo
Depths:1: layout_small_grid, nrook_mini_vaults, hell_entry,
          grunt_pan_entry_in_and_out, serial_shops, shop, pandoras_box_mu,
          roderic_lattice_octagonal_star, uniq_enchantress
Depths:2: minmay_containers, layout_twisted_cross, enter_ziggurat_d, hell_entry,
          serial_shops, nicolae_shop_crystal, serial_bayou_shore_b,
          infiniplex_staircase_pool_2, serial_bayou_shore_b, minmay_shoptagon
Depths:3: minmay_nine_rooms, layout_gridlike, serial_shops, kennysheep_mini,
          hell_entry, rand_demon_pan_entry_3, minmay_staircase_bubble,
          minmay_shop_grove, serial_bayou_shore_b
Depths:4: minmay_the_grid_triangle_9x9_recursive_3_mashed
          [minmay_the_grid_triangle_9x9_tough_junction,
          minmay_the_grid_triangle_9x9_flanged_cone,
          minmay_the_grid_triangle_9x9_thin_v,
          minmay_the_grid_triangle_9x9_prize_center,
          minmay_the_grid_triangle_9x9_limited_checkers,
          minmay_the_grid_triangle_9x9_odd_lines,
          minmay_the_grid_triangle_9x9_cache,
          minmay_the_grid_triangle_9x9_skeleton,
          minmay_the_grid_triangle_9x9_warning], layout_gridlike,
          serial_bayou_lagoon_a, hell_entry, abyss_entry_small_statue_room,
          minmay_misc_feat_more_columns, serial_sigils_hangedman_etch

Skill      XL: |  1  2  3  4  5  6  7  8  9 10 11 12 13 14 15 16 17 18 19 20 21 22 23 |
---------------+----------------------------------------------------------------------+-----
Fighting       | 4 5 6 7 8 9 10 11 12 13 14 15 16 17 18 19 20 | 20.0
Axes           | 4 5 6 7 8 9 10 11 12 13 14 16 17 18 19 20 | 20.1
Armour         | 3 4 5 6 7 9 10 11 12 13 14 15 16 17 18 19 20 | 20.0
Dodging        | 3 4 5 6 7 8 9 10 11 12 13 14 15 16 17 18 | 18.5
Shields        | 2 3 4 6 7 9 10 11 12 13 14 15 16 17 18 19 | 19.6
Evocations     | 1 2 4 5 6 7 8 9 10 11 12 13 14 15 | 15.5

Action                   |  1- 3 |  4- 6 |  7- 9 | 10-12 | 13-15 | 16-18 | 19-21 | 22-24 || total
-------------------------+-------+-------+-------+-------+-------+-------+-------+-------++-------
Melee: Hand axe          |    73 |   144 |    29 |       |       |       |       |       ||   246
       Headbutt          |    12 |    25 |    50 |    75 |   230 |   187 |   436 |   278 ||  1293
       Flail             |       |       |   204 |       |       |       |       |       ||   204
       Broad axe         |       |       |    53 |   435 |   413 |   116 |    10 |   697 ||  1724
       War axe           |       |       |       |       |   558 |   552 |  1296 |    69 ||  2475
Invok: Trog's Hand       |       |     3 |     2 |     6 |    10 |     4 |     3 |     5 ||    33
       Berserk           |       |     1 |     2 |     1 |     1 |       |       |       ||     5
       Brothers in Arms  |       |       |       |     2 |     1 |     3 |     4 |     6 ||    16
Evoke: Wand              |       |       |     2 |    16 |     5 |    20 |    41 |    12 ||    96
       Condenser vane    |       |       |       |       |       |     1 |       |       ||     1
  Use: Scroll            |       |       |    13 |     1 |    17 |    13 |     5 |    10 ||    59
       Potion            |       |       |       |     3 |     3 |     1 |     2 |    16 ||    25
 Stab: Paralysed         |       |       |       |       |       |       |     6 |       ||     6
       Distracted        |       |       |       |       |       |       |     1 |     1 ||     2
Armor: Animal skin       |     7 |       |       |       |       |       |       |       ||     7
       Ring mail         |    10 |       |       |       |       |       |       |       ||    10
       Plate armour      |       |    94 |   163 |   165 |   139 |   368 |   331 |   122 ||  1382
       Chain mail        |       |       |       |    71 |   186 |       |       |       ||   257
Dodge: Dodged            |    37 |    55 |    88 |   173 |   392 |   448 |   359 |   172 ||  1724
Block: Buckler           |       |     5 |    11 |       |       |       |       |       ||    16
       Kite shield       |       |       |   117 |   277 |   632 |   958 |   277 |       ||  2261
       Reflection        |       |       |       |       |    24 |   111 |   228 |    80 ||   443
       Tower shield      |       |       |       |       |       |       |  1156 |   765 ||  1921
